Maple Leafs vs Blue Jackets
Created - December 6, 2020 at 19:31
Goals
|
| Maple Leafs |
0 |
2 |
2 |
4 |
| Blue Jackets |
3 |
0 |
0 |
3 |
|
Shots
|
| Maple Leafs |
8 |
10 |
21 |
39 |
| Blue Jackets |
8 |
14 |
6 |
28 |
|
1st period
1. Blue Jackets , Mike Lundin 3 (Peter Mueller 8, Max Pacioretty 11) at 4:02 (PP)
2. Blue Jackets , Pavel Datsyuk 4 (Eric Wellwood 7, Tyler Kennedy 5) at 15:04
3. Blue Jackets , Eric Wellwood 4 (Dalton Prout 3, Rick DiPietro) at 16:33
Penalties :
Beau Bennett (Tor) for High sticking (Double Minor) at 2:20, Devin Setoguchi (Clb) for Hooking (Minor) at 12:10, Devin Setoguchi (Clb) for High sticking (Minor) at 16:45
2nd period
4. Maple Leafs , Patrick Kane 15 (Kevin Shattenkirk 21, Brayden Schenn 19) at 3:51 (PP)
5. Maple Leafs , Chris Kelly 4 (Blake Comeau 2, John Klingberg 12) at 12:27
Penalties :
Mike Lundin (Clb) for Tripping (Minor) at 3:20, Pavel Datsyuk (Clb) for Hooking (Minor) at 9:50, Tyler Seguin (Clb) for High sticking (Minor) at 12:54
3rd period
6. Maple Leafs , Jake Guentzel 5 (Patrick Kane 18, Brayden Schenn 20) at 6:10 (PP)
7. Maple Leafs , Kevin Shattenkirk 5 (John Klingberg 13) at 7:11 (PP)
Penalties :
Cam Fowler (Clb) for Roughing (Minor) at 5:38, Max Pacioretty (Clb) for Hooking (Minor) at 6:39, Braydon Coburn (Tor) for Boarding (Minor) at 9:15, Devin Setoguchi (Clb) for Roughing (Minor) at 19:43
Goalie Stats
Brian Elliott (Tor), 25 saves from 28 shots - (0.893), W, 8-3-2, 60:00 minutes
Rick DiPietro (Clb), 35 saves from 39 shots - (0.897), L, 5-9-1, 59:23 minutes
Players Stats for Maple Leafs
Player Name G A P +/- PIM S H SB GA TA FO MP PP MP PK MP
------------------------------------------------------------------------------------
Andre Burakovsky 0 0 0 -1 0 1 1 0 0 0 0/0 9:57 0:00 0:00
Beau Bennett 0 0 0 -1 4 0 2 0 0 1 0/0 10:20 0:00 0:00
Ben Smith 0 0 0 0 0 3 0 0 0 0 0/1 16:44 3:17 0:56
Blake Comeau 0 1 1 0 0 0 0 1 0 0 0/0 6:44 0:20 0:00
Brayden Schenn 0 2 2 0 0 5 3 1 0 0 24/41 23:56 6:20 2:58
Braydon Coburn 0 0 0 1 2 0 1 0 0 0 0/0 16:10 0:00 2:14
Calvin de Haan 0 0 0 0 0 0 3 0 0 0 0/0 16:01 3:23 0:50
Chris Kelly 1 0 1 0 0 1 0 0 0 0 0/2 6:24 0:00 0:00
Dany Heatley 0 0 0 0 0 1 1 0 0 0 0/0 8:07 0:46 0:45
Hampus Lindholm 0 0 0 -1 0 2 0 0 2 1 0/0 24:25 3:23 2:36
Jake Guentzel 1 0 1 0 0 5 3 0 0 0 0/2 18:03 5:36 0:00
John Klingberg 0 2 2 -1 0 3 2 1 0 0 0/0 22:09 6:24 0:00
Jordan Staal 0 0 0 0 0 0 1 1 1 1 6/10 18:37 3:17 1:54
Kevin Shattenkirk 1 1 2 -2 0 7 0 3 0 0 0/0 27:13 6:24 2:07
Kyle Clifford 0 0 0 0 0 3 0 1 1 0 0/1 21:37 3:35 2:53
Mika Zibanejad 0 0 0 -1 0 0 1 0 0 0 2/7 9:57 0:00 0:00
Patrick Kane 1 1 2 0 0 7 2 0 0 1 0/1 23:45 6:10 1:54
Ryan Parent 0 0 0 1 0 1 0 0 1 1 0/0 14:09 0:00 3:33
Players Stats for Blue Jackets
Player Name G A P +/- PIM S H SB GA TA FO MP PP MP PK MP
------------------------------------------------------------------------------------
Andreas Nodl 0 0 0 -1 0 1 0 0 0 0 0/0 6:16 0:00 0:00
Artemi Panarin 0 0 0 1 0 5 0 0 1 1 1/1 24:26 2:50 5:41
Brandon Bollig 0 0 0 -1 0 1 0 1 0 0 0/0 6:39 0:00 0:23
Branislav Mezei 0 0 0 0 0 0 0 2 0 0 0/0 10:51 0:00 0:00
Cam Fowler 0 0 0 0 2 0 2 2 2 2 0/0 27:55 2:54 4:56
Cody Eakin 0 0 0 -1 0 1 1 0 0 1 0/1 8:18 0:00 1:18
Dalton Prout 0 1 1 1 0 0 3 1 0 0 0/0 20:41 2:46 4:19
Devin Setoguchi 0 0 0 1 6 3 1 0 0 0 0/1 19:11 2:50 0:00
Eric Wellwood 1 1 2 1 0 1 0 1 0 0 3/3 13:19 0:00 3:00
Martin Havlat 0 0 0 0 0 2 0 0 0 0 0/2 14:24 2:50 0:00
Max Pacioretty 0 1 1 0 2 3 0 1 0 0 1/1 17:02 2:50 2:32
Mike Lundin 1 0 1 0 2 4 2 1 1 0 0/0 27:56 2:54 4:57
Pavel Datsyuk 1 0 1 1 2 2 3 1 0 0 2/4 10:40 0:00 0:00
Peter Mueller 0 1 1 0 0 2 0 1 0 0 9/13 16:47 2:50 2:16
Rob Scuderi 0 0 0 1 0 0 4 0 0 0 0/0 20:41 2:46 4:19
Ryan Wilson 0 0 0 0 0 0 1 2 0 0 0/0 11:54 0:00 1:03
Tyler Kennedy 0 1 1 1 0 1 1 0 1 1 0/0 10:18 0:00 0:00
Tyler Seguin 0 0 0 1 2 2 2 0 0 0 17/39 22:47 2:50 4:24
3 Stars
1 - Patrick Kane (Tor)
2 - Eric Wellwood (Clb)
3 - Brayden Schenn (Tor)
Power Play
Maple Leafs - 3 on 8 Attempt(s) - 37.50%
Blue Jackets - 1 on 3 Attempt(s) - 33.33%
Penalty Kill
Maple Leafs - 2 on 3 Attempt(s) - 66.67%
- Score 0 goal in Penalty Kill
Blue Jackets - 5 on 8 Attempt(s) - 62.50%
- Score 0 goal in Penalty Kill
Team Stat
Maple Leafs - Hits : 20 - Faceoff Wins : 32 - Blocked Shots : 8 - Penalty Minutes : 6
Blue Jackets - Hits : 20 - Faceoff Wins : 33 - Blocked Shots : 13 - Penalty Minutes : 16
Official
Referees : Unknown
Linesman : Unknown
Game Notes
No Game Note
Finance
Level 1 -- Attendance: 4991 (83.18%) -- Ticket Income $573,965
Level 2 -- Attendance: 3623 (72.46%) -- Ticket Income $271,725
Level 3 -- Attendance: 1414 (70.70%) -- Ticket Income $63,630
Level 4 -- Attendance: 3328 (83.20%) -- Ticket Income $99,840
Luxury Box -- Attendance: 690 (69.00%) -- Ticket Income $148,350
Game was played at the Ohio State Arena.
Total Attendance: 14046 (78.03%)
Total Ticket Income: $1,157,510
Other Income: $173,626
Total Income: $1,331,136
Maple Leafs
5 vs 5 Forward
Center Left Wing Right Wing Time % Phy DF OF
1 Brayden Schenn Kyle Clifford Patrick Kane 40 1 2 2
2 Jordan Staal Jake Guentzel Ben Smith 30 1 2 2
3 Mika Zibanejad Andre Burakovsky Beau Bennett 20 1 2 2
4 Chris Kelly Dany Heatley Blake Comeau 10 1 2 2
5 vs 5 Defense
Defense Defense Time % Phy DF OF
1 Kevin Shattenkirk Hampus Lindholm 40 1 2 2
2 Braydon Coburn John Klingberg 30 1 2 2
3 Ryan Parent Calvin de Haan 20 1 2 2
4 Kevin Shattenkirk John Klingberg 10 1 2 2
PowerPlay Forward
Center Left Wing Right Wing Time % Phy DF OF
1 Brayden Schenn Jake Guentzel Patrick Kane 60 1 2 2
2 Jordan Staal Kyle Clifford Ben Smith 40 1 2 2
PowerPlay Defense
Defense Defense Time % Phy DF OF
1 Kevin Shattenkirk John Klingberg 60 1 2 2
2 Hampus Lindholm Calvin de Haan 40 1 2 2
Penalty Kill 4 Players Forward
Center Wing Time % Phy DF OF
1 Brayden Schenn Kyle Clifford 60 1 2 2
2 Jordan Staal Patrick Kane 40 1 2 2
Penalty Kill 4 Players Defense
Defense Defense Time % Phy DF OF
1 Braydon Coburn Ryan Parent 60 1 2 2
2 Kevin Shattenkirk Hampus Lindholm 40 1 2 2
Penalty Kill - 3 Players Forward
Forward Time % Phy DF OF
1 Brayden Schenn 60 1 2 2
2 Jordan Staal 40 1 2 2
Penalty Kill - 3 Players Defense
Defense Defense Time % Phy DF OF
1 Braydon Coburn Ryan Parent 60 1 2 2
2 Kevin Shattenkirk Hampus Lindholm 40 1 2 2
4 vs 4 Forward
Center Wing Time % Phy DF OF
1 Jordan Staal Patrick Kane 60 1 2 2
2 Brayden Schenn Kyle Clifford 40 1 2 2
4 vs 4 Defense
Defense Defense Time % Phy DF OF
1 Kevin Shattenkirk Braydon Coburn 60 1 2 2
2 John Klingberg Hampus Lindholm 40 1 2 2
Last Minutes Offensive
Center Left Wing Right Wing Defense Defense
Brayden Schenn Kyle Clifford Patrick Kane Kevin Shattenkirk John Klingberg
Last Minutes Defensive
Center Left Wing Right Wing Defense Defense
Jordan Staal Kyle Clifford Patrick Kane Kevin Shattenkirk Braydon Coburn
Goaltenders
Starting : Brian Elliott
Backup : John Gibson
Extra Forwards
Normal : Dany Heatley, Andre Burakovsky, Patrick Kane - PP : Dany Heatley, Patrick Kane - PK : Ben Smith
Extra Defensemen
Normal : Hampus Lindholm, Ryan Parent, Kevin Shattenkirk - PP : Hampus Lindholm - PK : Hampus Lindholm, Calvin de Haan
Penalty Shots
Patrick Kane, Andre Burakovsky, Brayden Schenn, Jordan Staal, Kyle Clifford
Scratches
None
Blue Jackets
5 vs 5 Forward
Center Left Wing Right Wing Time % Phy DF OF
1 Tyler Seguin Artemi Panarin Devin Setoguchi 40 1 2 2
2 Peter Mueller Max Pacioretty Martin Havlat 30 1 2 2
3 Pavel Datsyuk Eric Wellwood Tyler Kennedy 20 1 2 2
4 Cody Eakin Brandon Bollig Andreas Nodl 10 1 2 2
5 vs 5 Defense
Defense Defense Time % Phy DF OF
1 Cam Fowler Mike Lundin 40 1 2 2
2 Dalton Prout Rob Scuderi 30 1 2 2
3 Branislav Mezei Ryan Wilson 20 1 2 2
4 Cam Fowler Mike Lundin 10 1 2 2
PowerPlay Forward
Center Left Wing Right Wing Time % Phy DF OF
1 Tyler Seguin Artemi Panarin Devin Setoguchi 60 1 2 2
2 Peter Mueller Max Pacioretty Martin Havlat 40 1 2 2
PowerPlay Defense
Defense Defense Time % Phy DF OF
1 Cam Fowler Mike Lundin 60 1 2 2
2 Dalton Prout Rob Scuderi 40 1 2 2
Penalty Kill 4 Players Forward
Center Wing Time % Phy DF OF
1 Tyler Seguin Artemi Panarin 60 1 2 2
2 Max Pacioretty Peter Mueller 40 1 2 2
Penalty Kill 4 Players Defense
Defense Defense Time % Phy DF OF
1 Cam Fowler Mike Lundin 60 1 2 2
2 Dalton Prout Rob Scuderi 40 1 2 2
Penalty Kill - 3 Players Forward
Forward Time % Phy DF OF
1 Tyler Seguin 60 1 2 2
2 Artemi Panarin 40 1 2 2
Penalty Kill - 3 Players Defense
Defense Defense Time % Phy DF OF
1 Cam Fowler Mike Lundin 60 1 2 2
2 Dalton Prout Rob Scuderi 40 1 2 2
4 vs 4 Forward
Center Wing Time % Phy DF OF
1 Tyler Seguin Artemi Panarin 60 1 2 2
2 Max Pacioretty Peter Mueller 40 1 2 2
4 vs 4 Defense
Defense Defense Time % Phy DF OF
1 Cam Fowler Mike Lundin 60 1 2 2
2 Dalton Prout Rob Scuderi 40 1 2 2
Last Minutes Offensive
Center Left Wing Right Wing Defense Defense
Tyler Seguin Artemi Panarin Devin Setoguchi Cam Fowler Mike Lundin
Last Minutes Defensive
Center Left Wing Right Wing Defense Defense
Tyler Seguin Artemi Panarin Devin Setoguchi Cam Fowler Mike Lundin
Goaltenders
Starting : Rick DiPietro
Backup : Andrei Vasilevskiy
Extra Forwards
Normal : Pavel Datsyuk, Tyler Kennedy, Eric Wellwood - PP : Pavel Datsyuk, Tyler Kennedy - PK : Eric Wellwood
Extra Defensemen
Normal : Branislav Mezei, Ryan Wilson, Dalton Prout - PP : Branislav Mezei - PK : Ryan Wilson, Dalton Prout
Penalty Shots
Tyler Seguin, Artemi Panarin, Max Pacioretty, Peter Mueller, Devin Setoguchi
Scratches
Dennis Wideman (Healthy)
% Time on Ice - Maple Leafs
Lines # - Real PCT - Wanted PCT - Time Play
Normal Forward
1 - 34% - 40% - 14:46
2 - 29% - 30% - 12:47
3 - 23% - 20% - 9:57
4 - 15% - 10% - 6:24
Normal Defense
1 - 43% - 40% - 18:52
2 - 32% - 30% - 14:13
3 - 21% - 20% - 9:14
4 - 4% - 10% - 1:35
PP Forward
1 - 63% - 60% - 6:10
2 - 37% - 40% - 3:37
PP Defense
1 - 65% - 60% - 6:24
2 - 35% - 40% - 3:23
PK Forward
1 - 66% - 60% - 3:46
2 - 34% - 40% - 1:54
PK Defense
1 - 63% - 60% - 3:33
2 - 37% - 40% - 2:07
PK3 Forward
1 - 0% - 60%
2 - 0% - 40%
PK3 Defense
1 - 0% - 60%
2 - 0% - 40%
44 Forward
1 - 0% - 60%
2 - 0% - 40%
44 Defense
1 - 0% - 60%
2 - 0% - 40%
Last Minute Offensive - 0:00
Last Minute Defensive - 0:39
Total
Forward - 60:00
Defense - 60:00
|
% Time on Ice - Blue Jackets
Lines # - Real PCT - Wanted PCT - Time Play
Normal Forward
1 - 35% - 40% - 15:19
2 - 27% - 30% - 11:41
3 - 24% - 20% - 10:18
4 - 14% - 10% - 6:16
Normal Defense
1 - 41% - 40% - 18:01
2 - 31% - 30% - 13:36
3 - 25% - 20% - 10:51
4 - 3% - 10% - 1:06
PP Forward
1 - 50% - 60% - 2:50
2 - 50% - 40% - 2:50
PP Defense
1 - 51% - 60% - 2:54
2 - 49% - 40% - 2:46
PK Forward
1 - 77% - 60% - 7:31
2 - 23% - 40% - 2:16
PK Defense
1 - 56% - 60% - 5:28
2 - 44% - 40% - 4:19
PK3 Forward
1 - 0% - 60%
2 - 0% - 40%
PK3 Defense
1 - 0% - 60%
2 - 0% - 40%
44 Forward
1 - 0% - 60%
2 - 0% - 40%
44 Defense
1 - 0% - 60%
2 - 0% - 40%
Last Minute Offensive - 0:59
Last Minute Defensive - 0:00
Total
Forward - 60:00
Defense - 60:00
|
Play-by-Play
1st period
0:01 of 1st period - Brayden Schenn wins face-off versus Tyler Seguin in neutral zone.
0:16 of 1st period - Backhand shot by Patrick Kane.
0:16 of 1st period - Stopped by Rick DiPietro without a rebound.
0:17 of 1st period - Jordan Staal wins face-off versus Peter Mueller in Blue Jackets zone.
0:18 of 1st period - Slapshot by Jake Guentzel.
0:18 of 1st period - Stopped by Rick DiPietro with a rebound.
0:28 of 1st period - Slapshot by Jordan Staal.
0:28 of 1st period - Shot Misses the Net.
0:30 of 1st period - Wrist shot by Ben Smith.
0:30 of 1st period - Stopped by Rick DiPietro with a rebound.
0:32 of 1st period - Wrist shot by Ben Smith.
0:32 of 1st period - Deflect By Peter Mueller.
0:32 of 1st period - Shot Hit the Post.
0:32 of 1st period - Puck is out of play.
0:33 of 1st period - Pavel Datsyuk wins face-off versus Mika Zibanejad in Blue Jackets zone.
0:58 of 1st period - Branislav Mezei is hit by Dany Heatley and loses puck.
1:50 of 1st period - Snap shot by Martin Havlat.
1:50 of 1st period - Shot Blocked by Kevin Shattenkirk.
2:20 of 1st period - Double Minor Penalty to Beau Bennett for High sticking.
2:21 of 1st period - Brayden Schenn wins face-off versus Tyler Seguin in Maple Leafs zone.
3:17 of 1st period - Kevin Shattenkirk is hit by Dalton Prout and loses puck.
3:32 of 1st period - Icing by Tyler Seguin.
3:33 of 1st period - Tyler Seguin wins face-off versus Jordan Staal in Blue Jackets zone.
3:48 of 1st period - Snap shot by Max Pacioretty.
3:48 of 1st period - Shot Misses the Net.
3:50 of 1st period - Slapshot by Mike Lundin.
3:50 of 1st period - Stopped by Brian Elliott without a rebound.
3:51 of 1st period - Peter Mueller wins face-off versus Brayden Schenn in Maple Leafs zone.
3:58 of 1st period - Snap shot by Peter Mueller.
3:58 of 1st period - Stopped by Brian Elliott with a rebound.
4:00 of 1st period - Wrist shot by Peter Mueller.
4:00 of 1st period - Shot Misses the Net.
4:02 of 1st period - Snap shot by Mike Lundin.
4:02 of 1st period - Goal by Mike Lundin - Maple Leafs : 0 - Blue Jackets : 1.
4:03 of 1st period - Tyler Seguin wins face-off versus Brayden Schenn in neutral zone.
5:36 of 1st period - Mike Lundin is hit by Brayden Schenn.
6:02 of 1st period - Penalty to Beau Bennett is over, Beau Bennett is back on ice.
6:12 of 1st period - Patrick Kane is hit by Pavel Datsyuk and loses puck.
6:31 of 1st period - Wrist shot by Patrick Kane.
6:31 of 1st period - Stopped by Rick DiPietro with a rebound.
6:33 of 1st period - Slapshot by Braydon Coburn.
6:33 of 1st period - Shot Misses the Net.
6:35 of 1st period - Snap shot by Dany Heatley.
6:35 of 1st period - Shot Misses the Net.
7:12 of 1st period - Jake Guentzel is hit by Rob Scuderi and loses puck.
7:54 of 1st period - Mike Lundin is hit by Beau Bennett and loses puck.
9:08 of 1st period - Max Pacioretty is hit by Jordan Staal and loses puck.
9:28 of 1st period - Kyle Clifford is hit by Rob Scuderi.
10:39 of 1st period - Icing by Max Pacioretty.
10:40 of 1st period - Peter Mueller wins face-off versus Jordan Staal in Blue Jackets zone.
10:49 of 1st period - Snap shot by Tyler Seguin.
10:49 of 1st period - Shot Blocked by Jordan Staal.
10:51 of 1st period - Slapshot by Mike Lundin.
10:51 of 1st period - Stopped by Brian Elliott with a rebound.
11:26 of 1st period - Tyler Seguin is hit by Calvin de Haan and loses puck.
12:08 of 1st period - Snap shot by Ben Smith.
12:08 of 1st period - Deflect By Cam Fowler.
12:08 of 1st period - Stopped by Rick DiPietro with a rebound.
12:10 of 1st period - Minor Penalty to Devin Setoguchi for Hooking.
12:11 of 1st period - Max Pacioretty wins face-off versus Brayden Schenn in Blue Jackets zone.
12:49 of 1st period - Off-side.
12:50 of 1st period - Eric Wellwood wins face-off versus Brayden Schenn in neutral zone.
12:58 of 1st period - Eric Wellwood is hit by John Klingberg and loses puck.
13:13 of 1st period - Rob Scuderi is hit by Jake Guentzel and loses puck.
13:43 of 1st period - Icing by Jake Guentzel.
13:44 of 1st period - Jordan Staal wins face-off versus Tyler Seguin in Maple Leafs zone.
14:10 of 1st period - Penalty to Devin Setoguchi is over, Devin Setoguchi is back on ice.
14:20 of 1st period - Wrist shot by Tyler Kennedy.
14:20 of 1st period - Stopped by Brian Elliott with a rebound.
14:23 of 1st period - Icing by Kevin Shattenkirk.
14:24 of 1st period - Eric Wellwood wins face-off versus Mika Zibanejad in Maple Leafs zone.
14:49 of 1st period - Wrist shot by Andre Burakovsky.
14:49 of 1st period - Shot Misses the Net.
14:57 of 1st period - Tyler Kennedy is hit by Mika Zibanejad and loses puck.
15:04 of 1st period - Slapshot by Pavel Datsyuk.
15:04 of 1st period - Goal by Pavel Datsyuk - Maple Leafs : 0 - Blue Jackets : 2.
15:05 of 1st period - Brayden Schenn wins face-off versus Tyler Seguin in neutral zone.
15:08 of 1st period - Wrist shot by John Klingberg.
15:08 of 1st period - Stopped by Rick DiPietro without a rebound.
15:09 of 1st period - Tyler Seguin wins face-off versus Brayden Schenn in Blue Jackets zone.
15:21 of 1st period - Icing by John Klingberg.
15:22 of 1st period - Brayden Schenn wins face-off versus Tyler Seguin in Maple Leafs zone.
16:33 of 1st period - Wrist shot by Eric Wellwood.
16:33 of 1st period - Goal by Eric Wellwood - Maple Leafs : 0 - Blue Jackets : 3.
16:34 of 1st period - Tyler Seguin wins face-off versus Brayden Schenn in neutral zone.
16:43 of 1st period - Snap shot by Patrick Kane.
16:43 of 1st period - Stopped by Rick DiPietro with a rebound.
16:45 of 1st period - Minor Penalty to Devin Setoguchi for High sticking.
16:46 of 1st period - Brayden Schenn wins face-off versus Tyler Seguin in Blue Jackets zone.
16:49 of 1st period - Wrist shot by Brayden Schenn.
16:49 of 1st period - Stopped by Rick DiPietro without a rebound.
16:50 of 1st period - Brayden Schenn wins face-off versus Tyler Seguin in Blue Jackets zone.
17:45 of 1st period - Hampus Lindholm is hit by Dalton Prout.
17:59 of 1st period - Snap shot by Peter Mueller.
17:59 of 1st period - Shot Misses the Net.
18:05 of 1st period - Rob Scuderi is hit by Patrick Kane and loses puck.
18:45 of 1st period - Penalty to Devin Setoguchi is over, Devin Setoguchi is back on ice.
19:27 of 1st period - Wrist shot by Artemi Panarin.
19:27 of 1st period - Stopped by Brian Elliott without a rebound.
19:28 of 1st period - Peter Mueller wins face-off versus Mika Zibanejad in Maple Leafs zone.
19:31 of 1st period - Wrist shot by Peter Mueller.
19:31 of 1st period - Shot Misses the Net.
19:41 of 1st period - Wrist shot by Mika Zibanejad.
19:41 of 1st period - Shot Blocked by Branislav Mezei.
19:43 of 1st period - Snap shot by Beau Bennett.
19:43 of 1st period - Shot Misses the Net.
Goals for this period are 0 for Maple Leafs vs 3 for Blue Jackets.
Shots for this period are 8 for Maple Leafs vs 8 for Blue Jackets.
2nd period
0:01 of 2nd period - Tyler Seguin wins face-off versus Kyle Clifford in neutral zone.
0:08 of 2nd period - Snap shot by Artemi Panarin.
0:08 of 2nd period - Shot Blocked by Kyle Clifford.
0:34 of 2nd period - Wrist shot by Peter Mueller.
0:34 of 2nd period - Stopped by Brian Elliott without a rebound.
0:35 of 2nd period - Peter Mueller wins face-off versus Brayden Schenn in Maple Leafs zone.
0:38 of 2nd period - Wrist shot by Martin Havlat.
0:38 of 2nd period - Shot Misses the Net.
0:40 of 2nd period - Wrist shot by Max Pacioretty.
0:40 of 2nd period - Stopped by Brian Elliott without a rebound.
0:41 of 2nd period - Peter Mueller wins face-off versus Brayden Schenn in Maple Leafs zone.
0:44 of 2nd period - Slapshot by Max Pacioretty.
0:44 of 2nd period - Stopped by Brian Elliott with a rebound.
0:46 of 2nd period - Slapshot by Martin Havlat.
0:46 of 2nd period - Shot Blocked by Kevin Shattenkirk.
0:48 of 2nd period - Slapshot by Mike Lundin.
0:48 of 2nd period - Shot Misses the Net.
0:50 of 2nd period - Snap shot by Martin Havlat.
0:50 of 2nd period - Shot Misses the Net.
1:10 of 2nd period - Wrist shot by Martin Havlat.
1:10 of 2nd period - Stopped by Brian Elliott with a rebound.
1:12 of 2nd period - Snap shot by Max Pacioretty.
1:12 of 2nd period - Stopped by Brian Elliott with a rebound.
1:16 of 2nd period - Wrist shot by Martin Havlat.
1:16 of 2nd period - Stopped by Brian Elliott with a rebound.
1:18 of 2nd period - Slapshot by Mike Lundin.
1:18 of 2nd period - Stopped by Brian Elliott without a rebound.
1:19 of 2nd period - Tyler Seguin wins face-off versus Ben Smith in Maple Leafs zone.
1:45 of 2nd period - Braydon Coburn is hit by Dalton Prout and loses puck.
2:12 of 2nd period - Wrist shot by Brayden Schenn.
2:12 of 2nd period - Shot Blocked by Dalton Prout.
3:03 of 2nd period - Braydon Coburn is hit by Cam Fowler and loses puck.
3:06 of 2nd period - Slapshot by John Klingberg.
3:06 of 2nd period - Shot Blocked by Eric Wellwood.
3:08 of 2nd period - Snap shot by Patrick Kane.
3:08 of 2nd period - Shot Blocked by Pavel Datsyuk.
3:20 of 2nd period - Minor Penalty to Mike Lundin for Tripping.
3:21 of 2nd period - Brayden Schenn wins face-off versus Tyler Seguin in Blue Jackets zone.
3:22 of 2nd period - Slapshot by Kevin Shattenkirk.
3:22 of 2nd period - Shot Misses the Net.
3:24 of 2nd period - Snap shot by Jake Guentzel.
3:24 of 2nd period - Stopped by Rick DiPietro without a rebound.
3:25 of 2nd period - Tyler Seguin wins face-off versus Brayden Schenn in Blue Jackets zone.
3:40 of 2nd period - Brayden Schenn is hit by Ryan Wilson and loses puck.
3:49 of 2nd period - Slapshot by Kevin Shattenkirk.
3:49 of 2nd period - Stopped by Rick DiPietro with a rebound.
3:51 of 2nd period - Snap shot by Patrick Kane.
3:51 of 2nd period - Goal by Patrick Kane - Maple Leafs : 1 - Blue Jackets : 3.
3:52 of 2nd period - Brayden Schenn wins face-off versus Tyler Seguin in neutral zone.
3:57 of 2nd period - Wrist shot by Brayden Schenn.
3:57 of 2nd period - Shot Misses the Net.
4:21 of 2nd period - Wrist shot by Artemi Panarin.
4:21 of 2nd period - Stopped by Brian Elliott without a rebound.
4:22 of 2nd period - Jordan Staal wins face-off versus Martin Havlat in Maple Leafs zone.
4:22 of 2nd period - Jordan Staal is hit by Rob Scuderi.
5:39 of 2nd period - Snap shot by Devin Setoguchi.
5:39 of 2nd period - Stopped by Brian Elliott without a rebound.
5:40 of 2nd period - Mika Zibanejad wins face-off versus Martin Havlat in Maple Leafs zone.
6:07 of 2nd period - Ben Smith is hit by Tyler Kennedy and loses puck.
6:26 of 2nd period - Cody Eakin is hit by John Klingberg and loses puck.
6:31 of 2nd period - Wrist shot by John Klingberg.
6:31 of 2nd period - Stopped by Rick DiPietro without a rebound.
6:32 of 2nd period - Brayden Schenn wins face-off versus Tyler Seguin in Blue Jackets zone.
6:47 of 2nd period - Wrist shot by Artemi Panarin.
6:47 of 2nd period - Stopped by Brian Elliott without a rebound.
6:48 of 2nd period - Peter Mueller wins face-off versus Brayden Schenn in Maple Leafs zone.
7:15 of 2nd period - Mike Lundin is hit by Jake Guentzel and loses puck.
7:24 of 2nd period - Wrist shot by Devin Setoguchi.
7:24 of 2nd period - Stopped by Brian Elliott without a rebound.
7:25 of 2nd period - Jordan Staal wins face-off versus Peter Mueller in Maple Leafs zone.
8:42 of 2nd period - Slapshot by Cody Eakin.
8:42 of 2nd period - Deflect By Brandon Bollig.
8:42 of 2nd period - Stopped by Brian Elliott without a rebound.
8:43 of 2nd period - Brayden Schenn wins face-off versus Tyler Seguin in Maple Leafs zone.
9:10 of 2nd period - Cam Fowler is hit by Andre Burakovsky and loses puck.
9:50 of 2nd period - Minor Penalty to Pavel Datsyuk for Hooking.
9:51 of 2nd period - Tyler Seguin wins face-off versus Brayden Schenn in Blue Jackets zone.
11:50 of 2nd period - Penalty to Pavel Datsyuk is over, Pavel Datsyuk is back on ice.
12:06 of 2nd period - Andreas Nodl is hit by Calvin de Haan.
12:27 of 2nd period - Wrist shot by Chris Kelly.
12:27 of 2nd period - Goal by Chris Kelly - Maple Leafs : 2 - Blue Jackets : 3.
12:28 of 2nd period - Brayden Schenn wins face-off versus Tyler Seguin in neutral zone.
12:33 of 2nd period - Snap shot by Patrick Kane.
12:33 of 2nd period - Shot Blocked by Cam Fowler.
12:35 of 2nd period - Snap shot by Brayden Schenn.
12:35 of 2nd period - Stopped by Rick DiPietro with a rebound.
12:37 of 2nd period - Snap shot by Brayden Schenn.
12:37 of 2nd period - Stopped by Rick DiPietro without a rebound.
12:38 of 2nd period - Brayden Schenn wins face-off versus Tyler Seguin in Blue Jackets zone.
12:47 of 2nd period - Wrist shot by Patrick Kane.
12:47 of 2nd period - Shot Misses the Net.
12:54 of 2nd period - Minor Penalty to Tyler Seguin for High sticking.
12:55 of 2nd period - Artemi Panarin wins face-off versus Brayden Schenn in Blue Jackets zone.
13:22 of 2nd period - Kyle Clifford is hit by Cam Fowler.
13:26 of 2nd period - Slapshot by John Klingberg.
13:26 of 2nd period - Deflect By Cody Eakin.
13:26 of 2nd period - Stopped by Rick DiPietro with a rebound.
13:28 of 2nd period - Snap shot by Calvin de Haan.
13:28 of 2nd period - Shot Blocked by Cam Fowler.
13:30 of 2nd period - Snap shot by Kyle Clifford.
13:30 of 2nd period - Deflect By Jordan Staal.
13:30 of 2nd period - Shot Misses the Net.
13:30 of 2nd period - Puck is out of play.
13:31 of 2nd period - Eric Wellwood wins face-off versus Brayden Schenn in Blue Jackets zone.
13:31 of 2nd period - Eric Wellwood is hit by Brayden Schenn.
14:54 of 2nd period - Penalty to Tyler Seguin is over, Tyler Seguin is back on ice.
15:15 of 2nd period - Snap shot by Tyler Seguin.
15:15 of 2nd period - Stopped by Brian Elliott with a rebound.
15:24 of 2nd period - Icing by Devin Setoguchi.
15:25 of 2nd period - Tyler Seguin wins face-off versus Chris Kelly in Blue Jackets zone.
15:34 of 2nd period - Snap shot by Blake Comeau.
15:34 of 2nd period - Deflect By Dany Heatley.
15:34 of 2nd period - Stopped by Rick DiPietro with a rebound.
15:57 of 2nd period - Off-side.
15:58 of 2nd period - Tyler Seguin wins face-off versus Brayden Schenn in neutral zone.
16:01 of 2nd period - Slapshot by Cam Fowler.
16:01 of 2nd period - Shot Blocked by Kevin Shattenkirk.
16:03 of 2nd period - Snap shot by Artemi Panarin.
16:03 of 2nd period - Stopped by Brian Elliott without a rebound.
16:04 of 2nd period - Tyler Seguin wins face-off versus Brayden Schenn in Maple Leafs zone.
16:31 of 2nd period - Patrick Kane is hit by Pavel Datsyuk and loses puck.
17:34 of 2nd period - Blake Comeau is hit by Tyler Seguin and loses puck.
18:12 of 2nd period - Icing by Eric Wellwood.
18:13 of 2nd period - Mika Zibanejad wins face-off versus Peter Mueller in Blue Jackets zone.
18:16 of 2nd period - Wrist shot by Andre Burakovsky.
18:16 of 2nd period - Stopped by Rick DiPietro with a rebound.
18:18 of 2nd period - Snap shot by Beau Bennett.
18:18 of 2nd period - Shot Misses the Net.
18:20 of 2nd period - Wrist shot by Beau Bennett.
18:20 of 2nd period - Shot Misses the Net.
18:26 of 2nd period - Slapshot by Mika Zibanejad.
18:26 of 2nd period - Shot Blocked by Mike Lundin.
19:32 of 2nd period - Off-side.
19:33 of 2nd period - Tyler Seguin wins face-off versus Brayden Schenn in neutral zone.
19:46 of 2nd period - Off-side.
19:47 of 2nd period - Brayden Schenn wins face-off versus Tyler Seguin in neutral zone.
Goals for this period are 2 for Maple Leafs vs 0 for Blue Jackets.
Shots for this period are 10 for Maple Leafs vs 14 for Blue Jackets.
3rd period
0:01 of 3rd period - Brayden Schenn wins face-off versus Tyler Seguin in neutral zone.
0:16 of 3rd period - Wrist shot by Brayden Schenn.
0:16 of 3rd period - Shot Misses the Net.
0:56 of 3rd period - Wrist shot by Ben Smith.
0:56 of 3rd period - Stopped by Rick DiPietro with a rebound.
0:58 of 3rd period - Slapshot by Kevin Shattenkirk.
0:58 of 3rd period - Stopped by Rick DiPietro with a rebound.
1:00 of 3rd period - Slapshot by Hampus Lindholm.
1:00 of 3rd period - Stopped by Rick DiPietro with a rebound.
1:02 of 3rd period - Snap shot by Ben Smith.
1:02 of 3rd period - Shot Blocked by Peter Mueller.
1:22 of 3rd period - Wrist shot by Cody Eakin.
1:22 of 3rd period - Stopped by Brian Elliott with a rebound.
1:31 of 3rd period - Off-side.
1:32 of 3rd period - Tyler Seguin wins face-off versus Chris Kelly in neutral zone.
1:59 of 3rd period - Ryan Wilson is hit by Jake Guentzel.
2:03 of 3rd period - Wrist shot by Jordan Staal.
2:03 of 3rd period - Deflect By Ben Smith.
2:03 of 3rd period - Shot Misses the Net.
2:03 of 3rd period - Puck is out of play.
2:04 of 3rd period - Peter Mueller wins face-off versus Patrick Kane in Blue Jackets zone.
2:04 of 3rd period - Peter Mueller is hit by Brayden Schenn.
2:31 of 3rd period - Braydon Coburn is hit by Devin Setoguchi and loses puck.
2:42 of 3rd period - Wrist shot by Tyler Seguin.
2:42 of 3rd period - Stopped by Brian Elliott without a rebound.
2:43 of 3rd period - Brayden Schenn wins face-off versus Tyler Seguin in Maple Leafs zone.
2:54 of 3rd period - Wrist shot by Kyle Clifford.
2:54 of 3rd period - Stopped by Rick DiPietro with a rebound.
2:56 of 3rd period - Snap shot by Brayden Schenn.
2:56 of 3rd period - Stopped by Rick DiPietro with a rebound.
2:58 of 3rd period - Slapshot by Kevin Shattenkirk.
2:58 of 3rd period - Shot Misses the Net.
3:00 of 3rd period - Snap shot by Patrick Kane.
3:00 of 3rd period - Shot Misses the Net.
4:03 of 3rd period - Snap shot by Andreas Nodl.
4:03 of 3rd period - Stopped by Brian Elliott with a rebound.
4:27 of 3rd period - Snap shot by John Klingberg.
4:27 of 3rd period - Deflect By Blake Comeau.
4:27 of 3rd period - Shot Misses the Net.
4:27 of 3rd period - Puck is out of play.
4:28 of 3rd period - Jordan Staal wins face-off versus Peter Mueller in Blue Jackets zone.
4:29 of 3rd period - Snap shot by Hampus Lindholm.
4:29 of 3rd period - Deflect By Martin Havlat.
4:29 of 3rd period - Stopped by Rick DiPietro with a rebound.
4:35 of 3rd period - Wrist shot by Jordan Staal.
4:35 of 3rd period - Deflect By Jake Guentzel.
4:35 of 3rd period - Deflect By Ryan Wilson.
4:35 of 3rd period - Shot Blocked by Max Pacioretty.
4:35 of 3rd period - Puck is out of play.
4:36 of 3rd period - Peter Mueller wins face-off versus Jordan Staal in Blue Jackets zone.
5:07 of 3rd period - Snap shot by Jordan Staal.
5:07 of 3rd period - Deflect By Jake Guentzel.
5:07 of 3rd period - Stopped by Rick DiPietro with a rebound.
5:09 of 3rd period - Slapshot by Kevin Shattenkirk.
5:09 of 3rd period - Stopped by Rick DiPietro without a rebound.
5:10 of 3rd period - Tyler Seguin wins face-off versus Brayden Schenn in Blue Jackets zone.
5:38 of 3rd period - Minor Penalty to Cam Fowler for Roughing.
5:39 of 3rd period - Brayden Schenn wins face-off versus Tyler Seguin in Blue Jackets zone.
5:44 of 3rd period - Snap shot by Patrick Kane.
5:44 of 3rd period - Stopped by Rick DiPietro with a rebound.
5:46 of 3rd period - Snap shot by John Klingberg.
5:46 of 3rd period - Deflect By Patrick Kane.
5:46 of 3rd period - Shot Blocked by Ryan Wilson.
5:46 of 3rd period - Puck is out of play.
5:47 of 3rd period - Brayden Schenn wins face-off versus Tyler Seguin in Blue Jackets zone.
6:06 of 3rd period - Snap shot by Patrick Kane.
6:06 of 3rd period - Shot Misses the Net.
6:08 of 3rd period - Wrist shot by Patrick Kane.
6:08 of 3rd period - Shot Misses the Net.
6:10 of 3rd period - Wrist shot by Jake Guentzel.
6:10 of 3rd period - Goal by Jake Guentzel - Maple Leafs : 3 - Blue Jackets : 3.
6:11 of 3rd period - Brayden Schenn wins face-off versus Tyler Seguin in neutral zone.
6:39 of 3rd period - Minor Penalty to Max Pacioretty for Hooking.
6:40 of 3rd period - Brayden Schenn wins face-off versus Tyler Seguin in Blue Jackets zone.
6:43 of 3rd period - Snap shot by Brayden Schenn.
6:43 of 3rd period - Shot Misses the Net.
6:47 of 3rd period - Snap shot by Jake Guentzel.
6:47 of 3rd period - Stopped by Rick DiPietro with a rebound.
6:49 of 3rd period - Slapshot by Kevin Shattenkirk.
6:49 of 3rd period - Stopped by Rick DiPietro with a rebound.
7:11 of 3rd period - Slapshot by Kevin Shattenkirk.
7:11 of 3rd period - Goal by Kevin Shattenkirk - Maple Leafs : 4 - Blue Jackets : 3.
7:12 of 3rd period - Brayden Schenn wins face-off versus Tyler Seguin in neutral zone.
7:21 of 3rd period - Snap shot by Kyle Clifford.
7:21 of 3rd period - Stopped by Rick DiPietro with a rebound.
7:28 of 3rd period - Off-side.
7:29 of 3rd period - Peter Mueller wins face-off versus Jake Guentzel in neutral zone.
8:50 of 3rd period - Backhand shot by Ryan Parent.
8:50 of 3rd period - Shot Blocked by Brandon Bollig.
9:15 of 3rd period - Minor Penalty to Braydon Coburn for Boarding.
9:16 of 3rd period - Brayden Schenn wins face-off versus Tyler Seguin in Maple Leafs zone.
9:16 of 3rd period - Brayden Schenn is hit by Tyler Seguin.
9:29 of 3rd period - Snap shot by Cam Fowler.
9:29 of 3rd period - Shot Blocked by Brayden Schenn.
9:43 of 3rd period - Brayden Schenn is hit by Mike Lundin and loses puck.
10:36 of 3rd period - Jordan Staal is hit by Rob Scuderi and loses puck.
11:06 of 3rd period - Dalton Prout is hit by Calvin de Haan and loses puck.
11:15 of 3rd period - Penalty to Braydon Coburn is over, Braydon Coburn is back on ice.
11:15 of 3rd period - Peter Mueller is hit by Braydon Coburn and loses puck.
11:36 of 3rd period - Wrist shot by Pavel Datsyuk.
11:36 of 3rd period - Stopped by Brian Elliott with a rebound.
12:37 of 3rd period - Wrist shot by Andre Burakovsky.
12:37 of 3rd period - Shot Misses the Net.
13:01 of 3rd period - Slapshot by Kevin Shattenkirk.
13:01 of 3rd period - Stopped by Rick DiPietro with a rebound.
13:40 of 3rd period - Mike Lundin is hit by Beau Bennett and loses puck.
13:44 of 3rd period - Icing by Brandon Bollig.
13:45 of 3rd period - Brayden Schenn wins face-off versus Cody Eakin in Blue Jackets zone.
14:05 of 3rd period - Brayden Schenn is hit by Cody Eakin and loses puck.
14:12 of 3rd period - Snap shot by Cam Fowler.
14:12 of 3rd period - Shot Misses the Net.
14:17 of 3rd period - Off-side.
14:18 of 3rd period - Jordan Staal wins face-off versus Devin Setoguchi in neutral zone.
14:27 of 3rd period - Wrist shot by Artemi Panarin.
14:27 of 3rd period - Stopped by Brian Elliott with a rebound.
14:31 of 3rd period - Slapshot by Artemi Panarin.
14:31 of 3rd period - Shot Blocked by John Klingberg.
14:33 of 3rd period - Wrist shot by Cam Fowler.
14:33 of 3rd period - Shot Misses the Net.
14:35 of 3rd period - Slapshot by Cam Fowler.
14:35 of 3rd period - Deflect By Devin Setoguchi.
14:35 of 3rd period - Stopped by Brian Elliott with a rebound.
14:53 of 3rd period - Snap shot by Mika Zibanejad.
14:53 of 3rd period - Shot Misses the Net.
15:07 of 3rd period - Snap shot by Martin Havlat.
15:07 of 3rd period - Deflect By Pavel Datsyuk.
15:07 of 3rd period - Shot Misses the Net.
15:07 of 3rd period - Puck is out of play.
15:08 of 3rd period - Brayden Schenn wins face-off versus Pavel Datsyuk in Maple Leafs zone.
15:17 of 3rd period - Slapshot by Ryan Parent.
15:17 of 3rd period - Stopped by Rick DiPietro with a rebound.
15:19 of 3rd period - Wrist shot by Brayden Schenn.
15:19 of 3rd period - Shot Misses the Net.
15:25 of 3rd period - Snap shot by Kyle Clifford.
15:25 of 3rd period - Deflect By Patrick Kane.
15:25 of 3rd period - Stopped by Rick DiPietro with a rebound.
15:27 of 3rd period - Slapshot by Brayden Schenn.
15:27 of 3rd period - Stopped by Rick DiPietro without a rebound.
15:28 of 3rd period - Tyler Seguin wins face-off versus Mika Zibanejad in Blue Jackets zone.
16:16 of 3rd period - Snap shot by Kyle Clifford.
16:16 of 3rd period - Stopped by Rick DiPietro with a rebound.
16:18 of 3rd period - Slapshot by Kevin Shattenkirk.
16:18 of 3rd period - Stopped by Rick DiPietro with a rebound.
16:48 of 3rd period - Snap shot by Artemi Panarin.
16:48 of 3rd period - Shot Blocked by Blake Comeau.
17:31 of 3rd period - Slapshot by John Klingberg.
17:31 of 3rd period - Deflect By Beau Bennett.
17:31 of 3rd period - Shot Blocked by Ryan Wilson.
17:31 of 3rd period - Puck is out of play.
17:32 of 3rd period - Brayden Schenn wins face-off versus Pavel Datsyuk in Blue Jackets zone.
17:45 of 3rd period - Wrist shot by Patrick Kane.
17:45 of 3rd period - Stopped by Rick DiPietro with a rebound.
17:47 of 3rd period - Slapshot by Kyle Clifford.
17:47 of 3rd period - Shot Blocked by Branislav Mezei.
18:26 of 3rd period - Hampus Lindholm is hit by Pavel Datsyuk and loses puck.
18:44 of 3rd period - Icing by Tyler Kennedy.
18:45 of 3rd period - Pavel Datsyuk wins face-off versus Mika Zibanejad in Blue Jackets zone.
19:07 of 3rd period - Blue Jackets, Rick DiPietro is pulled from the net.
19:40 of 3rd period - Off-side.
19:41 of 3rd period - Bruce Boudreau call a timeout for Blue Jackets.
19:41 of 3rd period - Tyler Seguin wins face-off versus Jordan Staal in neutral zone.
19:43 of 3rd period - Minor Penalty to Devin Setoguchi for Roughing.
19:44 of 3rd period - Rick DiPietro from Blue Jackets was sent back in the game.
19:44 of 3rd period - Tyler Seguin wins face-off versus Jake Guentzel in Blue Jackets zone.
19:54 of 3rd period - Tyler Seguin is hit by Patrick Kane.
19:58 of 3rd period - Brayden Schenn is hit by Mike Lundin and loses puck.
Goals for this period are 2 for Maple Leafs vs 0 for Blue Jackets.
Shots for this period are 21 for Maple Leafs vs 6 for Blue Jackets.